 Dungeon Crawl Stone Soup version 0.31.0-11-ge490571c62 (webtiles) character file.

Game seed: 17692547938486179639

1866 Aldia the Grappler (level 9, -7/69 HPs)
             Began as a Merfolk Shapeshifter on Feb 1, 2024.
             Splashed by a jelly's acid (9 damage)
             ... on level 6 of the Dungeon.
             The game lasted 00:12:27 (5203 turns).

Aldia the Grappler (Merfolk Shapeshifter)           Turns: 5203, Time: 00:12:28

Health: -7/69      AC: -1    Str: 17    XL:     9   Next: 13%
Magic:  10/10      EV: 18    Int: 11    God:
Gold:   112        SH:  0    Dex: 13    Spells: 7/10 levels left

rFire   . .          .
                       - Unarmed
rCold   . . .        (shield currently unavailable)
rNeg    . . .        a - melded +0 animal skin
rPois   .            (no helmet)
rElec   .            p - +2 cloak
rCorr   .            (no gloves)
SInv    .            (no boots)
Will    .....        (no amulet)
Stlth   +            B - +4 ring of protection
HPRegen 0.31/turn    k - ring of wizardry
MPRegen 0.12/turn

%: wizardry (x1)
@: flux-form, corroded, glowing
A: glow, contaminating, (nimble swimmer 2), mertail
a: Begin Untransformation


You were on level 6 of the Dungeon.
You were something dangerously unstable.
You visited 1 branch of the dungeon, and saw 6 of its levels.

You collected 316 gold pieces.
You spent 204 gold pieces at shops.

Inventory:

Hand Weapons
 x - the +1 trident "Buodood" {flame, Dex+4}
   (You found it on level 4 of the Dungeon)

   Dex+4:     It affects your dexterity (+4).
Missiles
 i - 6 javelins (quivered)
Armour
 a - a +0 animal skin (melded)
 p - a +2 cloak (worn)
Jewellery
 b - a ring of protection from fire
 k - a ring of wizardry (right hand)
 s - a ring of protection from fire
 B - a +4 ring of protection (left hand)
Talismans
 c - a beast talisman
 d - a flux talisman (active)
Wands
 u - a wand of polymorph (22)
 A - a wand of digging (8)
Scrolls
 e - 4 scrolls of teleportation
 f - a scroll of poison
 h - a scroll of vulnerability
 j - a scroll of fear
 m - a scroll of brand weapon
 n - a scroll of blinking
 q - a scroll of silence
 t - a scroll of enchant weapon
 v - a scroll of noise {unknown}
 y - a scroll of fog
 C - a scroll of amnesia {unknown}
Potions
 g - a potion of mutation {unknown}
 l - a potion of magic
 o - a potion of brilliance
 r - 2 potions of curing
 w - a potion of heal wounds
 z - 2 potions of haste {unknown}


   Skills:
 + Level 5.6 Fighting
 + Level 6.3 Dodging
 - Level 8.3 Unarmed Combat
 + Level 1.0 Spellcasting
 + Level 1.9 Summonings
 + Level 2.2 Ice Magic
 - Level 1.3 Evocations
 - Level 7.0 Shapeshifting


You had 7 spell levels left.
You knew the following spells:

 Your Spells              Type           Power      Damage    Failure   Level
a - Summon Ice Beast      Ice/Summ       5%         N/A       16%         3

Your spell library contained the following spells:

 Spells                   Type           Power      Damage    Failure   Level
 Call Imp                 Summ           8%         N/A       9%          2
 Sublimation of Blood     Necr           0%         N/A       19%         2
 Hailstorm                Conj/Ice       3%         3d5       24%         3
 Volatile Blastmotes      Fire/Tloc      0%         2d10      34%         3
 Fulminant Prism          Conj/Alch      0%         3d5       75%         4
 Iskenderun's Mystic Bla  Conj/Tloc      0%         2d3       75%         4
 Sculpt Simulacrum        Ice/Alch       1%         N/A       100%        6
 Summon Hydra             Summ           2%         N/A       100%        7


Dungeon Overview and Level Annotations

Branches:
Dungeon (6/15)
 Temple: D:4-7

Altars:
Uskayaw
The Shining One

Shops:
D:3 !   D:5 ?


Innate Abilities, Weirdness & Mutations

You are something dangerously unstable.
You glow with magical radiation, making you easy to see and hit.
Foes you strike become dangerously contaminated with magical radiation.
You are incapable of wielding weapons or throwing items.
((You are very nimble when in or above water. (Stealth+, EV+, Speed+++)))
Your lower body shifts to a powerful aquatic tail in water.


Message History

You are too injured to fight recklessly!
You completely miss the gnoll sergeant.
The gnoll sergeant is almost dead.
The gnoll hits you with a +0 spear.
The gnoll sergeant completely misses you.
The gnoll misses you.
You punch the gnoll sergeant!
You kill the gnoll sergeant!
The gnoll completely misses you. The gnoll misses you.
Your Spellcasting skill increases to level 1!
You hit the gnoll.
The gnoll begins to glow.
The gnoll is heavily wounded.
The gnoll closely misses you. The gnoll misses you.
You hit the gnoll.
The gnoll glows dangerously bright.
The gnoll is heavily wounded.
The gnoll barely misses you. The jelly hits you but does no damage.
The gnoll hits you but does no damage.
You hit the gnoll.
The gnoll shudders as magic cascades through it!!
You kill the gnoll!
The jelly hits you. The acid corrodes you!
You are splashed with acid!
* * * LOW HITPOINT WARNING * * *
The gnoll misses you.
You hit the jelly but do no damage.
The jelly begins to glow.
Your hands burn!
* * * LOW HITPOINT WARNING * * *
The jelly closely misses you.
You hit the jelly.
The jelly glows dangerously bright.
Your hands burn!
* * * LOW HITPOINT WARNING * * *
The jelly is lightly wounded.
The gnoll hits you from afar with a +0 spear.
* * * LOW HITPOINT WARNING * * *
You hit the jelly but do no damage.
The jelly shudders as magic cascades through it!
The jelly twists and deforms.
The acid corrodes you!
Your hands burn!
* * * LOW HITPOINT WARNING * * *
The jelly is almost dead.
The jelly hits you.
* * * LOW HITPOINT WARNING * * *
You are splashed with acid!
You die...

.....#.#.###....#
.....#.#.# #....#
.....#.#.# #....#
.#####.#.# ####+#####
.#...#.#.###........#
....................#
.....#.#.###....g...#
.....#.#.......)J#........
.....#.#########p#..g!....
.##..........# #.#.$..g...
......##.....# #.####gg...
......##.....# #...# .g...
......##.....###...# ..J.
.#...###.......+...# ....
.+...........###...#
.#.........#........
...........#.########


You could see a jelly (misshapen) and a gnoll.

Vanquished Creatures
  Sigmund (D:4)
  Pargi (D:3)
  A sky beast (D:6)
  4 ogres
  A phantom (D:5)
  A gnoll sergeant (D:6)
  3 scorpions
  2 howler monkeys
  A bombardier beetle (D:3)
  A jelly (D:5)
  5 orc priests
  5 hounds
  2 sleepcaps (D:5)
  4 iguanas
  2 orc wizards
  Ijyb (D:4)
  2 gnolls (D:6)
  3 adders
  2 white imps
  An ufetubus (D:5)
  3 dart slugs
  A ribbon worm (D:4)
  20 orcs
  10 ball pythons
  4 bats
  7 endoplasms
  9 giant cockroaches
  12 goblins
  9 hobgoblins
  2 jackals (D:4)
  3 quokkas
  2 frilled lizards
  6 kobolds
  3 rats
134 creatures vanquished.

Notes
Turn   | Place    | Note
-------+----------+-------------------------------------------
     0 | D:1      | Aldia the Merfolk Shapeshifter began the quest for the Orb.
     0 | D:1      | Reached XP level 1. HP: 15/15 MP: 1/1
   140 | D:1      | Reached XP level 2. HP: 21/21 MP: 2/2
   402 | D:1      | Reached XP level 3. HP: 24/26 MP: 3/3
   840 | D:2      | Reached skill level 4 in Unarmed Combat
  1546 | D:3      | Reached XP level 4. HP: 26/33 MP: 4/4
  1905 | D:3      | Noticed Pargi
  1920 | D:3      | Killed Pargi
  1921 | D:3      | Reached skill level 5 in Unarmed Combat
  1921 | D:3      | Reached skill level 5 in Shapeshifting
  1921 | D:3      | Reached XP level 5. HP: 39/39 MP: 5/5
  1954 | D:3      | Reached XP level 6. HP: 46/46 MP: 6/6
  1993 | D:3      | Found Loipebla's Distillery.
  2003 | D:3      | Bought a potion of might for 48 gold pieces
  2003 | D:3      | Bought a potion of curing for 36 gold pieces
  2097 | D:3      | Found a hide-covered altar of Uskayaw.
  2246 | D:3      | Found a glowing golden altar of the Shining One.
  2407 | D:3      | Bought a potion of heal wounds for 60 gold pieces
  2605 | D:4      | Noticed Sigmund
  2611 | D:4      | Noticed Ijyb
  2617 | D:4      | Killed Sigmund
  2618 | D:4      | Reached XP level 7. HP: 30/52 MP: 7/7
  2621 | D:4      | Reached skill level 6 in Unarmed Combat
  2837 | D:4      | Reached skill level 5 in Dodging
  3014 | D:4      | Identified the +1 trident "Buodood" {flame, Dex+4}
  3116 | D:4      | Killed Ijyb
  3265 | D:5      | Entered Level 5 of the Dungeon
  3345 | D:5      | Reached XP level 8. HP: 26/60 MP: 8/8
  3480 | D:5      | Reached skill level 7 in Unarmed Combat
  4191 | D:5      | Reached skill level 5 in Fighting
  4191 | D:5      | Reached skill level 8 in Unarmed Combat
  4191 | D:5      | Reached skill level 1 in Evocations
  4196 | D:5      | Learned a level 3 spell: Summon Ice Beast
  4290 | D:5      | Found Diufal's Magic Scroll Emporium.
  4296 | D:5      | Bought a scroll of fog for 60 gold pieces
  4827 | D:6      | Reached skill level 1 in Summonings
  4827 | D:6      | Reached skill level 1 in Ice Magic
  5027 | D:6      | Reached XP level 9. HP: 62/68 MP: 9/9
  5198 | D:6      | Reached skill level 1 in Spellcasting
  5203 | D:6      | HP: 2/69 [jelly (2)]
  5203 | D:6      | Splashed by a jelly's acid

Illustrated notes

Levels and vault maps discovered:
D:1:      dpeg_arrival_shelter, layout_loops_ring,
          hangedman_decor_diamond_cutter, minmay_worlds_worst_comb
D:2:      layout_basic, kennysheep_boxes
D:3:      layout_rooms, general_overflow_altar, nicolae_uskayaw_suspiria,
          serial_shops, shop, minmay_increasing_density, uniq_pargi
D:4:      layout_gridville, minmay_distorted, uniq_ijyb, uniq_sigmund
D:5:      minmay_chambers_of_threes, layout_basic, serial_shops, shop
D:6:      layout_basic, gammafunk_temple_overflow_pools, uniq_jeremiah

Skill      XL: |  1  2  3  4  5  6  7  8  9 |
---------------+----------------------------+-----
Dodging        | 3 4 5 6 |  6.3
Unarmed Combat | 4 5 6 8 |  8.3
Fighting       | 2 3 4 5 |  5.6
Shapeshifting  | 5 6 7 |  7.0
Evocations     | 1 |  1.3
Summonings     | 1 |  1.9
Ice Magic      | 1 2 |  2.2
Spellcasting   | 1 |  1.0

Action                     |  1- 3 |  4- 6 |  7- 9 || total
---------------------------+-------+-------+-------++-------
  Melee: Unarmed           |   115 |    90 |   225 ||   430
         Punch             |     1 |     1 |     6 ||     8
    Use: Potion            |     1 |     5 |       ||     6
         Scroll            |     2 |     4 |     5 ||    11
   Stab: Sleeping          |     1 |     2 |       ||     3
 Armour: Skin              |     5 |    27 |    39 ||    71
         Animal skin       |    49 |    43 |    46 ||   138
  Dodge: Dodged            |    78 |    64 |   159 ||   301
   Form: Flux              |       |       |     1 ||     1
